 Dungeon Crawl Stone Soup version 0.27-a0-1557-g57f10a385c (webtiles) character file.

Game seed: 2366994251927235003

4883 Gwenloh the Grappler (level 10, 0/98 HPs)
             Began as a Troll Monk on July 15, 2021.
             Was an Elder of Zin.
             Slain by Harold (14 damage)
             ... on level 9 of the Dungeon.
             The game lasted 00:25:38 (10049 turns).

Gwenloh the Grappler (Troll Monk)                  Turns: 10049, Time: 00:25:39

Health: 0/98       AC:  4    Str: 22    XL:     10   Next: 26%
Magic:  7/9        EV: 10    Int:  7    God:    Zin [****..]
Gold:   429        SH:  0    Dex: 16    Spells: 9/9 levels left

rFire    + . .     SeeInvis .     - Unarmed
rCold    + . .     Faith    .   (no shield)
rNeg     + . .     Spirit   .   a - +0 robe
rPois    ∞         Reflect  .   (helmet restricted)
rElec    .         Harm     .   G - scarf {rC+ rF+}
rCorr    .         Rampage  .   (gloves unavailable)
Will     .....                  (boots unavailable)
Stlth    ++........             A - amulet of regeneration
HPRegen  2.26/turn              m - ring of flight
MPRegen  0.11/turn              J - ring of positive energy

@: vitalised, marked, flying
A: large, unfitting armour, claws 3, regeneration 1, shaggy fur 1, tough skin 1
a: Renounce Religion, Recite, Vitalisation, Imprison, Donate Gold


You were on level 9 of the Dungeon.
You worshipped Zin.
Zin was greatly pleased with you.
You visited 2 branches of the dungeon, and saw 10 of its levels.
You also visited: Sewer.

You collected 476 gold pieces.
You donated 47 gold pieces to Zin.

Inventory:

Missiles
 g - 358 stones
 j - a throwing net
 l - 18 javelins
 v - 26 poisoned darts (quivered)
 F - 5 large rocks
Armour
 a - a +0 robe (worn)
 f - a +0 cloak
 G - a scarf of resistance (worn)
Jewellery
 m - a ring of flight (left claw)
 A - an amulet of regeneration (around neck)
 D - an amulet of faith
 J - a ring of positive energy (right claw)
 K - a ring of magical power
Wands
 C - a wand of acid (8)
Scrolls
 b - 3 scrolls of magic mapping {unknown}
 c - 2 scrolls of fog {unknown}
 d - 2 scrolls of noise {unknown}
 e - 8 scrolls of identify {unknown}
 h - 5 scrolls of enchant weapon {unknown}
 k - 3 scrolls of fear {unknown}
 n - 2 scrolls of holy word {unknown}
 r - a scroll of immolation {unknown}
 s - a scroll of silence {unknown}
 y - 3 scrolls of vulnerability {unknown}
 B - 6 scrolls of teleportation {unknown}
 H - 2 scrolls of amnesia {unknown}
 L - a scroll of acquirement {unknown}
Potions
 i - 4 potions of mutation {unknown}
 o - 2 potions of haste {unknown}
 p - 3 potions of curing
 q - 3 potions of heal wounds {unknown}
 t - 3 potions of cancellation {unknown}
 u - 3 potions of magic {unknown}
 w - 4 potions of brilliance {unknown}
 x - a potion of invisibility {unknown}
 z - 5 potions of resistance {unknown}
 E - a potion of degeneration {unknown}


   Skills:
 + Level 6.2 Fighting
 * Level 8.7 Throwing
 - Level 2.4 Dodging
 - Level 1.0 Stealth
 * Level 10.1 Unarmed Combat


You had 9 spell levels left.
You didn't know any spells.
Your spell library contained the following spells:

 Spells                   Type           Power      Damage    Failure   Level
 Corpse Rot               Necr/Air       N/A        N/A       56%         2
 Frozen Ramparts          Ice            0%         1d2       80%         3
 Dispel Undead            Necr           0%         3d6       99%         4
 Ice Form                 Ice/Tmut       0%         N/A       99%         4
 Summon Ice Beast         Ice/Summ       0%         N/A       99%         4
 Death Channel            Necr           0%         N/A       100%        6


Dungeon Overview and Level Annotations

Branches:
Dungeon (9/15)             Temple (1/1) D:7           Sewer (visited)
   Lair: D:8-11         Orc: D:9-12

Altars:
Ashenzari
Cheibriados
Dithmenos
Elyvilon
Fedhas
Gozag
Hepliaklqana
Kikubaaqudgha
Makhleb
Nemelex Xobeh
Okawaru
Qazlal
Ru
Sif Muna
Trog
Uskayaw
Vehumet
Wu Jian
Xom
Yredelemnul
Zin
The Shining One

Annotations:
D:9 2 transporters, Harold; RogueFanUK's ghost, novice DgCj


Innate Abilities, Weirdness & Mutations

You are too large for most types of armour.
You have claws for hands.
Your natural rate of healing is unusually fast.
You are covered in fur. (AC +1)
You have tough skin. (AC +1)


Message History

Harold is lightly wounded.
Harold hits you with a +0 short sword!
You claw Harold!
Harold is lightly wounded.
Harold points at you and mumbles some strange words.
A sentinel's mark forms upon you.
You barely miss Harold. Your claw misses Harold.
Harold is lightly wounded.
You claw Harold!
Harold is moderately wounded.
Harold hits you with a +0 short sword!
* * * LOW HITPOINT WARNING * * *
You mangle Harold!!
Harold is heavily wounded.
Harold closely misses you.
You don't have any such object.
Evoke which item? (* to show all) (? for menu, Esc to quit)
Aiming: Corrosive Bolt
Press: ? - help, Shift-Dir - straight line, f - Harold
Aim: Harold, wielding a +0 short sword, wearing a +0 chain mail and quivering 2 throwing nets (heavily wounded, 86% to hit)
The bolt of acid hits Harold!
Harold is splashed with acid.
The acid corrodes Harold!
Harold is heavily wounded.
Harold hits you with a +0 short sword!!
* * * LOW HITPOINT WARNING * * *
It was a potion of curing.
You feel better. Harold casts a spell at you. The mark upon you grows brighter.
Zin grants you divine stamina. Harold hits you with a +0 short sword!
* * * LOW HITPOINT WARNING * * *
You claw Harold!
Harold is severely wounded.
Harold yells, "I don't have all day!"
Harold misses you.
You mangle Harold!!
Harold is almost dead.
Harold says, "Do you have any idea what people are willing to pay to have you killed, Gwenloh?"
Harold hits you with a +0 short sword!
You die...

.....##..#..........
######...#.#........
.........#.#........
.#.....#.#........
#####.#........
#.....#........
#.....#........
#.....#........
#...@.# #...@)#
#.....# #......
+)...... #...)####
#....# +.....


You could see Harold (corroded).

Vanquished Creatures
  Sigmund (D:2)
  2 wyverns (D:9)
  Eustachio (D:5)
  2 steam dragons
  An acid dragon (D:8)
  2 water moccasins
  3 orc warriors
  A black bear (D:6)
  3 ogres
  3 centaurs
  3 kobold brigands (Sewer)
  4 bullfrogs
  A scorpion (D:6)
  A vampire bat (D:3)
  11 killer bees
  6 wights
  7 electric eels (D:9)
  5 howler monkeys
  2 centaur zombies
  2 hounds
  Crazy Yiuf (D:5)
  2 orc priests
  3 jellies
  A bullfrog skeleton (D:4)
  4 centaur skeletons
  6 iguanas
  4 orc wizards
  A scorpion zombie (D:4)
  A killer bee zombie (D:7)
  2 hound skeletons
  Robin (D:1)
  3 gnolls (D:3)
  12 adders
  4 river rats
  A shadow imp (D:6)
  3 ufetubi
  An adder skeleton (D:3)
  2 worms
  A dart slug (D:1)
  22 orcs
  11 bats
  7 endoplasms
  A giant cockroach (D:5)
  17 goblins
  13 hobgoblins
  19 kobolds
  3 quokkas
  16 ball pythons
  2 frilled lizards (D:2)
  25 rats
  2 rat zombies (D:4)
252 creatures vanquished.

Vanquished Creatures (others)
  13 plants
13 creatures vanquished.

Grand Total: 265 creatures vanquished

Notes
Turn   | Place    | Note
-------+----------+-------------------------------------------
     0 | D:1      | Gwenloh the Troll Monk began the quest for the Orb.
     0 | D:1      | Reached XP level 1. HP: 22/22 MP: 0/0
   162 | D:1      | Reached XP level 2. HP: 29/29 MP: 1/1
   588 | D:1      | Found a faded altar of an unknown god.
   666 | D:2      | Noticed Robin
   676 | D:2      | Reached XP level 3. HP: 33/36 MP: 2/2
   702 | D:1      | Killed Robin
   703 | D:1      | Reached skill level 1 in Throwing
   930 | D:2      | Reached skill level 4 in Unarmed Combat
   970 | D:2      | Reached XP level 4. HP: 44/44 MP: 3/3
  1066 | D:2      | Noticed Sigmund
  1077 | D:2      | Killed Sigmund
  1078 | D:2      | Reached XP level 5. HP: 42/53 MP: 4/4
  1958 | D:3      | Reached skill level 5 in Unarmed Combat
  1958 | D:3      | Reached XP level 6. HP: 61/61 MP: 5/5
  2306 | D:3      | Found an ornate altar of the Wu Jian Council.
  2710 | D:4      | Found a bloodstained altar of Trog.
  2934 | D:4      | Found an ancient bone altar of Kikubaaqudgha.
  3027 | D:5      | Entered Level 5 of the Dungeon
  3027 | D:5      | Noticed Eustachio
  3032 | D:5      | Killed Eustachio
  3033 | D:5      | Reached XP level 7. HP: 63/68 MP: 6/6
  3108 | D:5      | Reached skill level 6 in Unarmed Combat
  3408 | D:5      | Found a glowing drain.
  3425 | Sewer    | Entered a sewer
  3677 | Sewer    | Reached skill level 5 in Throwing
  3677 | Sewer    | Reached XP level 8. HP: 73/78 MP: 7/7
  4099 | D:5      | Reached skill level 7 in Unarmed Combat
  4427 | D:5      | Found a shimmering blue altar of Sif Muna.
  5031 | D:5      | Found a runed translucent door.
  5032 | D:5      | Noticed Crazy Yiuf
  5153 | D:5      | Killed Crazy Yiuf
  5542 | D:6      | Found a sparkling altar of Nemelex Xobeh.
  5743 | D:6      | Reached skill level 8 in Unarmed Combat
  5830 | D:6      | Reached skill level 5 in Fighting
  5831 | D:6      | Reached XP level 9. HP: 57/88 MP: 8/8
  6691 | D:7      | Found a staircase to the Ecumenical Temple.
  6706 | Temple   | Entered the Ecumenical Temple
  6805 | Temple   | Became a worshipper of Zin the Law-Giver
  6805 | Temple   | Reached * piety under Zin
  6805 | Temple   | Reached ** piety under Zin
  6805 | Temple   | Reached *** piety under Zin
  6969 | D:7      | Found a blossoming altar of Fedhas.
  7057 | D:7      | Reached skill level 9 in Unarmed Combat
  7454 | D:8      | Reached **** piety under Zin
  8203 | D:8      | Identified the +4 robe "Egissiorue" {Str+4 Int+4 Dex+2}
  8276 | D:8      | Reached XP level 10. HP: 73/98 MP: 9/9
  9428 | D:9      | Reached skill level 10 in Unarmed Combat
  9620 | D:9      | Noticed RogueFanUK's ghost (novice DgCj)
  9621 | D:9      | Found a transporter.
  9623 | D:9      | Found a transporter.
 10030 | D:9      | Noticed Harold
 10049 | D:9      | Slain by Harold

Illustrated notes

Levels and vault maps discovered:
D:1:      lemuel_arrival_hallway, layout_loops_ring,
          shapermc_ecumenical_altar_notcrosses
D:2:      layout_basic, uniq_robin, uniq_sigmund
D:3:      layout_rooms, pdpol_wu_jian_five_deadly_venoms, grunt_ministairs_13,
          serial_bayou_ford_a, roderic_batcave, minmay_misc_feat_encased,
          minmay_misc_feat_enclosed
D:4:      layout_rooms, overflow_temple_1_default,
          lemuel_zombie_altar_kikubaaqudgha
D:5:      layout_layer_cave, nicolae_sif_muna_little_library,
          portal_sewer_entry_e, nrook_uturn, uniq_crazy_yiuf_cottage,
          uniq_eustachio
D:6:      layout_loops_corners, nemelex_xobeh_ov_fountains_minmay
D:7:      layout_rooms, old_standard_altar, minmay_temple_entry_gardened_gates,
          serial_co_window_serial, co_window_of_opportunity_a,
          co_window_of_opportunity_a, co_window_paths_b, co_window_paths_b,
          co_window_paths_b, co_window_cross_2, co_window_paths_c,
          co_window_unsneaky_path_c, co_window_sun, glass_columns_a
D:8:      layout_layer_cave, kennysheep_path_1
D:9:      layout_basic, gammafunk_ghost_arena, uniq_erica, uniq_harold
Temple:   lightli_temple_of_artemis

Skill      XL: |  1  2  3  4  5  6  7  8  9 10 |
---------------+-------------------------------+-----
Throwing       | 1 2 3 4 5 6 8 |  8.7
Unarmed Combat | 4 5 6 8 9 10 | 10.1
Fighting       | 3 4 5 6 |  6.2
Dodging        | |  2.4
Stealth        | |  1.0

Action                   |  1- 3 |  4- 6 |  7- 9 | 10-12 || total
-------------------------+-------+-------+-------+-------++-------
Melee: Unarmed           |    71 |   134 |   305 |    49 ||   559
       Punch             |       |     3 |     9 |     3 ||    15
Throw: Stone             |    41 |   164 |   192 |       ||   397
       Javelin           |       |       |    18 |       ||    18
       Dart              |       |       |    30 |    16 ||    46
Invok: Recite            |       |       |     2 |       ||     2
       Vitalisation      |       |       |     1 |     1 ||     2
Evoke: Wand              |       |       |       |    13 ||    13
  Use: Potion            |       |       |       |     1 ||     1
 Stab: Sleeping          |     1 |       |     1 |     1 ||     3
Armor: Robe              |    11 |    47 |    79 |    13 ||   150
Dodge: Dodged            |    30 |    71 |   125 |    32 ||   258

Table legend: (Time is in decaauts)
 A = Elapsed time spent in this place.
 B = Non-inter-level travel time spent in this place.
 C = Inter-level travel time spent in this place.
 D = Time resting spent in this place.
 E = Time spent auto-exploring this place.
 F = Levels seen in this place.
 G = Mean time per level.
                   A        B        C        D        E       F      G
               +--------+--------+--------+--------+--------+-----+--------+
         Total |   9950 |   9305 |    645 |    112 |   7504 |  11 |  904.5 |
       Dungeon |   9241 |   8612 |    629 |    112 |   7049 |   9 | 1026.8 |
        Temple |    116 |    100 |     16 |      0 |     94 |   1 |  116.0 |
         Sewer |    591 |    591 |      0 |      0 |    361 |   1 |  591.0 |
               +--------+--------+--------+--------+--------+-----+--------+

Top non-repeatable levels by time:
     D:8: 1812 daAuts
     D:5: 1689 daAuts
     D:6: 1152 daAuts
     D:2: 1115 daAuts
     D:9: 789 daAuts
     D:3: 779 daAuts
     D:7: 775 daAuts
     D:1: 646 daAuts
   Sewer: 591 daAuts
     D:4: 481 daAuts
  Temple: 116 daAuts
